 Dungeon Sprint DCSS version 0.22.1-2-g9c5b331 (webtiles) character file.

2969 diana the Fighter (level 9, -6/171 HPs)
             Began as an Ogre Berserker on Dec 16, 2018.
             Was a High Priest of Trog.
             Mangled by a ghost moth (13 damage)
             ... in the Dungeon (Sprint VII: "The Pits").
             The game lasted 00:05:06 (2018 turns).

diana the Fighter (Ogre Berserker)                  Turns: 2018, Time: 00:05:07

Health: -6/171     AC: 12    Str: 29 (31) XL:     9   Next: 82%
Magic:  0/9        EV: 12    Int:  8      God:    Trog [*****.]
Gold:   0          SH:  0    Dex:  7 (8)  Spells: 8/8 levels left

rFire    . . .     SeeInvis .   u - +2 morningstar (protect)
rCold    . . .     Gourm    .   (no shield)
rNeg     . . .     Faith    .   b - +0 animal skin
rPois    .         Spirit   .   (helmet restricted)
rElec    .         Reflect  .   a - +0 cloak
rCorr    .         Harm     .   (gloves unavailable)
MR       .....     NoTele   +   (boots unavailable)
Stlth    ..........             (no amulet)
HPRegen  0.38/turn              (no ring)
MPRegen  0.11/turn              (no ring)

@: berserking, lethally poisoned (-6 -> -128), protection aura, very quick
A: large, unfitting armour, tough skin 1
a: Berserk, Trog's Hand, Brothers in Arms, Renounce Religion


You were in the Dungeon.
You worshipped Trog.
Trog was extremely pleased with you.
You were hungry.

You visited 1 branch

Inventory:

Hand Weapons
 j - a +7 antimagic giant spiked club
 u - a +2 morningstar of protection (weapon)
Missiles
 p - 8 steel javelins (quivered)
Armour
 a - a +0 cloak (worn)
 b - a +0 animal skin (worn)
Jewellery
 q - a +3 ring of intelligence
 r - a +3 ring of evasion
Scrolls
 i - a scroll of blinking
 l - 3 scrolls of remove curse
 m - a scroll of summoning
Potions
 d - 6 potions of curing
 e - 6 potions of heal wounds
 f - 2 potions of haste
 g - 4 potions of magic
 h - 4 potions of berserk rage
 k - 2 potions of invisibility
 s - 2 potions of brilliance
 t - a potion of agility
Comestibles
 c - 9 rations


   Skills:
 + Level 14.4 Fighting
 * Level 14.1 Maces & Flails
 + Level 7.4 Armour
 + Level 6.8 Dodging


You had 8 spell levels left.
You didn't know any spells.
Your spell library was empty.

Dungeon Overview and Level Annotations

Branches:
Dungeon (1/1)

Altars:


Innate Abilities, Weirdness & Mutations

You are too large for most types of armour.
You have tough skin. (AC +1)


Message History

The ufetubus completely misses you.
You miss the ufetubus.
* * * LOW HITPOINT WARNING * * *
You feel very sick.
The ufetubus hits you but does no damage.
The ufetubus misses you.
You feel you are being watched by something.
Something hits you!
* * * LOW HITPOINT WARNING * * *
Something completely misses you. Something stings you.
* * * LOW HITPOINT WARNING * * *
You are more poisoned.
Something poisons you!
You bludgeon the ufetubus!!
You kill the ufetubus!
Trog accepts your kill.
* * * LOW HITPOINT WARNING * * *
You feel very sick. Something hits you!
You die...

########################
........................
....)...........@{......
#############++#########


There were no monsters in sight!

Vanquished Creatures
  A spriggan (D)
  A polar bear (D)
  A hornet (D)
  A basilisk (D)
  Edmund (D)
  A water moccasin (D)
  A sky beast (D)
  2 wolves (D)
  A bullfrog (D)
  A gnoll sergeant (D)
  A scorpion (D)
  A small abomination (D)
  A gnoll shaman (D)
  6 gnolls (D)
  An adder (D)
  2 ufetubi (D)
  2 oozes (D)
  A leopard gecko (D)
  A ball python (D)
  2 bat zombies (D)
  A giant cockroach (D)
  A quokka (D)
  A bat (D)
32 creatures vanquished.

Vanquished Creatures (collateral kills)
  A sea snake (D)
  A swamp dragon (D)
  An ice devil (D)
  A guardian mummy (D)
  A redback (D)
5 creatures vanquished.

Vanquished Creatures (others)
  A tyrant leech (D)
  A vampire mosquito (D)
  An adder simulacrum (D)
3 creatures vanquished.

Grand Total: 40 creatures vanquished

Notes
Turn   | Place    | Note
-------+----------+-------------------------------------------
     0 | D        | diana the Ogre Berserker began the quest for the Orb.
     0 | D        | Reached XP level 1. HP: 24/24 MP: 1/1
    11 | D        | Reached skill level 1 in Armour
    49 | D        | Reached ** piety under Trog
    49 | D        | Reached skill level 5 in Fighting
    49 | D        | Reached XP level 2. HP: 25/35 MP: 2/2
   171 | D        | Noticed a bullfrog
   177 | D        | Killed a bullfrog
   177 | D        | Reached *** piety under Trog
   177 | D        | Reached skill level 5 in Maces & Flails
   177 | D        | Reached XP level 3. HP: 34/45 MP: 3/3
   177 | D        | Reached XP level 4. HP: 40/53 MP: 4/4
   395 | D        | Noticed a water moccasin
   395 | D        | Noticed a wolf
   411 | D        | Killed a wolf
   411 | D        | Reached XP level 5. HP: 46/63 MP: 5/5
   413 | D        | Reached **** piety under Trog
   418 | D        | Killed a water moccasin
   418 | D        | Reached skill level 5 in Armour
   418 | D        | Reached XP level 6. HP: 60/75 MP: 6/6
   430 | D        | Reached ***** piety under Trog
   431 | D        | Reached skill level 10 in Fighting
   765 | D        | Noticed Edmund
   771 | D        | Killed Edmund
   771 | D        | Reached skill level 10 in Maces & Flails
   771 | D        | Reached XP level 7. HP: 70/87 MP: 7/7
   846 | D        | Received a gift from Trog
  1015 | D        | Received a gift from Trog
  1106 | D        | Noticed a polar bear
  1106 | D        | Noticed a basilisk
  1118 | D        | Killed a basilisk
  1123 | D        | Reached XP level 8. HP: 97/97 MP: 8/8
  1129 | D        | Killed a polar bear
  1369 | D        | Noticed a sea snake
  1369 | D        | Noticed a redback
  1375 | D        | Killed a redback
  1376 | D        | Killed a sea snake
  1386 | D        | Noticed a guardian mummy
  1386 | D        | Noticed an ice devil
  1386 | D        | Noticed a swamp dragon
  1388 | D        | Killed a swamp dragon
  1388 | D        | Reached XP level 9. HP: 76/110 MP: 9/9
  1391 | D        | Killed an ice devil
  1391 | D        | Reached skill level 5 in Dodging
  1397 | D        | Killed a guardian mummy
  1411 | D        | Received a gift from Trog
  1680 | D        | Noticed a spriggan rider
  1687 | D        | HP: 5/110 [spriggan rider/spear (24)]
  1689 | D        | HP: 2/110 [spriggan rider/spear (27)]
  1694 | D        | Killed a spriggan rider
  1694 | D        | Killed a hornet
  1883 | D        | Killed a tyrant leech
  2018 | D        | HP: 7/171 [poisoned by a ghost moth]
  2018 | D        | Mangled by a ghost moth

Skill      XL: |  1  2  3  4  5  6  7  8  9 |
---------------+----------------------------+-----
Maces & Flails | 4 5 7 8 10 11 12 14 | 14.1
Armour         | 1 3 4 5 6 7 |  7.4
Fighting       | 5 6 8 9 10 11 13 14 | 14.4
Dodging        | 4 6 |  6.8

Action                   |  1- 3 |  4- 6 |  7- 9 || total
-------------------------+-------+-------+-------++-------
Melee: Mace              |    18 |     6 |       ||    24
       Flail             |       |    36 |    31 ||    67
       Morningstar       |       |       |    27 ||    27
       Giant spiked club |       |       |     6 ||     6
Invok: Berserk           |     1 |     1 |     3 ||     5
       Trog's Hand       |       |     1 |       ||     1
       Brothers in Arms  |       |       |     2 ||     2
  Use: Potion            |       |     2 |     4 ||     6
 Stab: Sleeping          |     1 |       |       ||     1
  Eat: Chunk             |       |       |     8 ||     8
Armor: Animal skin       |     8 |     5 |    23 ||    36
Dodge: Dodged            |    19 |    24 |    30 ||    73
